 Dungeon Crawl Stone Soup version 0.29-a0-615-gdeedd76 (webtiles) character file.

Game seed: 6084910053695547149

5 PurpleRed the Sneak (level 1, 0/12 HPs)
             Began as a Deep Elf Brigand on June 18, 2022.
             Slain by a hobgoblin (4 damage)
             ... on level 1 of the Dungeon.
             The game lasted 00:01:06 (95 turns).

PurpleRed the Sneak (Deep Elf Brigand)                Turns: 95, Time: 00:01:07

Health: 0/12       AC:  4    Str:  8    XL:     1   Next: 66%
Magic:  5/5        EV: 12    Int: 15    God:
Gold:   24         SH:  0    Dex: 16    Spells: 3/3 levels left

rFire   . . .      SeeInvis .   a - +2 dagger
rCold   . . .      Faith    .   (no shield)
rNeg    . . .      Spirit   .   b - +0 robe
rPois   .          Reflect  .   (no helmet)
rElec   .          Harm     .   c - +0 cloak
rCorr   .          Rampage  .   g - +0 pair of gloves
Will    .....                   (no boots)
Stlth   +++.......              (no amulet)
HPRegen 0.04/turn               (no ring)
MPRegen 0.09/turn               (no ring)

@: no status effects
A: no striking features
a: no special abilities


You were on level 1 of the Dungeon.
You visited 1 branch of the dungeon, and saw 2 of its levels.

You collected 24 gold pieces.

Inventory:

Hand Weapons
 a - a +2 dagger (weapon)
Missiles
 d - 5 poisoned darts (quivered)
 e - 3 curare-tipped darts
Armour
 b - a +0 robe (worn)
 c - a +0 cloak (worn)
 g - a +0 pair of gloves (worn)
Potions
 f - a potion of curing {unknown}


   Skills:
 - Level 1.5 Fighting
 - Level 2.0 Short Blades
 - Level 2.0 Throwing
 - Level 1.2 Dodging
 - Level 4.8 Stealth
 + Level 1.8 Spellcasting


You had 3 spell levels left.
You didn't know any spells.
Your spell library was empty.

Dungeon Overview and Level Annotations

Branches:
Dungeon (2/15)

Altars:


Message History

The quokka bites you but does no damage.
You hit the quokka.
The quokka is heavily wounded.
You kill the quokka!
d - 3 poisoned darts (gained 1)
You see here a quokka corpse.
d - 4 poisoned darts (gained 1)
You now have 14 gold pieces.
d - 5 poisoned darts (gained 1)
Things that are here:
a +0 club; a goblin corpse
There is a stone staircase leading up here.
You see here a giant cockroach corpse.
d - 6 poisoned darts (gained 1)
There is a stone staircase leading up here.
You see here a giant cockroach corpse.
You climb upwards.
There is a stone staircase leading down here.
Found 10 gold pieces.
Found a pair of gloves.
You now have 24 gold pieces (gained 10).
A hobgoblin comes into view.
Found 11 gold pieces.
The hobgoblin shouts!
You see here a +0 pair of gloves.
g - a +0 pair of gloves You start putting on your armour.
You continue putting on your +0 pair of gloves. x4
You finish putting on your +0 pair of gloves.
The hobgoblin barely misses you.
Throw: 6 darts (poison)
Press: ? - help, Q - select action, (/) - cycle Shift-Dir - straight line, f - hobgoblin
Aim: a hobgoblin (60% to hit)
You throw a poisoned dart. The poisoned dart hits the hobgoblin.
The hobgoblin hits you.
You barely miss the hobgoblin. The hobgoblin hits you.
You hit the hobgoblin.
The hobgoblin is moderately wounded.
The hobgoblin hits you.
You die...

#### #.. # #.#
#.#####.######
#.............
#...g@..##[.#########
##.......##.#.§..§..#.
#..≈≈≈≈.......§≈≈§§...
#.≈≈≈≈≈≈......≈≈≈§≈§..
...≈≈≈≈≈≈......≈≈><§§..
....≈≈≈≈≈≈......≈.≈§§≈..
.....≈≈≈≈..####..≈≈§§..#
...#......## ##.[.§..##
$.#####..# #.######


You could see a hobgoblin.

Vanquished Creatures
  A bat (D:2)
  A giant cockroach (D:2)
  A goblin (D:2)
  A quokka (D:2)
4 creatures vanquished.

Notes
Turn   | Place    | Note
-------+----------+-------------------------------------------
     0 | D:1      | PurpleRed the Deep Elf Brigand began the quest for the Orb.
     0 | D:1      | Reached XP level 1. HP: 12/12 MP: 3/3
    18 | D:2      | Reached skill level 1 in Spellcasting
    95 | D:1      | Slain by a hobgoblin

Illustrated notes

Levels and vault maps discovered:
D:1:      dpeg_arrival_pits, layout_basic, ebering_ecumenical_altar_petrified
D:2:      layout_basic, minmay_stone_trees_medium, uniq_robin, uniq_jessica

Skill      XL: |  1 |
---------------+----+-----
Spellcasting   | 1 |  1.8
Fighting       | |  1.5
Short Blades   | |  2.0
Throwing       | |  2.0
Dodging        | |  1.2
Stealth        | |  4.8

Action                   || total
-------------------------++-------
Melee: Dagger            ||    16
Throw: Dart              ||    10
Armor: Robe              ||     5
Dodge: Dodged            ||    21

Table legend: (Time is in decaauts)
 A = Elapsed time spent in this place.
 B = Non-inter-level travel time spent in this place.
 C = Inter-level travel time spent in this place.
 D = Time resting spent in this place.
 E = Time spent auto-exploring this place.
 F = Levels seen in this place.
 G = Mean time per level.
                   A        B        C        D        E       F      G
               +--------+--------+--------+--------+--------+-----+--------+
         Total |     92 |     92 |      0 |      0 |      0 |   2 |   46.0 |
       Dungeon |     92 |     92 |      0 |      0 |      0 |   2 |   46.0 |
               +--------+--------+--------+--------+--------+-----+--------+

Top non-repeatable levels by time:
     D:2: 68 daAuts
     D:1: 24 daAuts
